 Dungeon Crawl Stone Soup version 0.20-a0-548-gad3071d (webtiles) character file.

1911 Gelly3 the Insei (level 9, -5/48 HPs)
             Began as a Vine Stalker Monk on Jan 3, 2017.
             Was a Believer of Ieoh Jian.
             Slain by an orc warrior
             ... wielding a +0 war axe
              (21 damage)
             ... in a bailey.
             The game lasted 00:33:33 (7942 turns).

Gelly3 the Insei (Vine Stalker Monk)                Turns: 7942, Time: 00:33:34

Health: -5/48      AC:  7    Str: 16 (18) XL:     9   Next: 16%
Magic:  0/10       EV: 15    Int:  7 (10) God:    Ieoh Jian [**....]
Gold:   378        SH:  0    Dex: 19 (21) Spells: 8/8 levels left

rFire  . . .     SeeInvis .       - Unarmed
rCold  . . .     Gourm    .     r - +0 robe
rNeg   . . .     Faith    .     (no shield)
rPois  .         Spirit   +     j - +0 helmet
rElec  .         Reflect  .     q - +1 cloak
rCorr  .         Harm     .     y - +0 pair of gloves (curse)
MR     +....                    (no boots)
Stlth  ++........               (no amulet)
                                (no ring)
                                (no ring)

@: mighty, being watched over by the Council, very slightly contaminated
A: fangs 3, regeneration 1, magic shield, antimagic bite, no device heal 3, rot
immunity
a: Recall Weapon, Renounce Religion


You were in a bailey.
You worshipped Ieoh Jian.
Ieoh Jian was pleased with you.
You were not hungry.

You visited 2 branches of the dungeon, and saw 8 of its levels.
You also visited: Ossuary and Bailey.

You collected 378 gold pieces.

Inventory:

Missiles
 f - 164 stones (quivered)
 k - 5 curare-tipped needles
 l - 2 throwing nets {=f, !d}
Armour
 j - a +0 helmet (worn)
   (You found it on level 2 of the Dungeon)
 q - a +1 cloak (worn)
   (You found it on level 3 of the Dungeon)
 r - a +0 robe (worn)
   (You took it off a gnoll on level 3 of the Dungeon)
 y - a cursed +0 pair of gloves (worn)
   (You found it on level 6 of the Dungeon)
Scrolls
 a - 4 scrolls of amnesia
 c - 5 scrolls of identify
 d - 3 scrolls of magic mapping {unknown}
 n - 3 scrolls of blinking {unknown}
 t - 7 scrolls of remove curse
 w - a scroll of enchant weapon {unknown}
 x - 2 scrolls of teleportation {unknown}
 A - a scroll of holy word {unknown}
 C - a scroll of immolation {unknown}
Potions
 e - a potion of cure mutation {!q}
 h - a potion of flight
 i - 2 potions of haste
 o - 3 potions of curing
 p - a potion of cancellation
 s - 2 potions of agility
Comestibles
 b - 6 bread rations
 g - 2 meat rations
 m - 2 beef jerkies
 z - a slice of pizza
 E - 4 chunks of flesh


   Skills:
 - Level 6.3 Fighting
 - Level 4.7 Armour
 - Level 4.1 Dodging
 - Level 2.4 Stealth
 + Level 7.4 Unarmed Combat


You had 8 spell levels left.
You didn't know any spells.

Dungeon Overview and Level Annotations

Branches:
Dungeon (7/15)             Temple (1/1) D:6

Altars:
Ashenzari
Cheibriados
Dithmenos
Elyvilon
Fedhas
Gozag
Hepliaklqana Ieoh Jian
Kikubaaqudgha
Makhleb
Nemelex Xobeh
Okawaru
Qazlal
Ru
Sif Muna
Trog
Uskayaw
Vehumet
Xom
Yredelemnul
Zin
The Shining One

Shops:
D:6 (


Innate Abilities, Weirdness & Mutations

You have razor-sharp teeth.
Your natural rate of healing is unusually fast.
When hurt, damage is shared between your health and your magic reserves.
Your bite disrupts and absorbs the magic of your enemies.
Potions cannot restore your health.
You are immune to rotting.


Message History

Tha orc warrior be heavily wounded.
Ye spin an' strike tha orc knight!
Ye hit tha orc knight.
Yer bite misses tha orc knight.
Tha orc knight be lightly wounded.
Tha orc warrior misses ye.
Ye riposte.
Ye hit tha orc warrior but do nay damage.
Ye bite tha orc warrior, but do nay damage.
Tha orc warrior be heavily wounded.
Tha orc warrior barely misses yer +4 hand axe.
Items 'ere: )) [[ a hand axe; a leathar armour; a war axe; a leathar armour Ye barely miss tha orc warrior.
Ye punch tha orc warrior, but do nay damage.
Yer bite misses tha orc warrior.
Tha orc warrior be heavily wounded.
Tha orc knight closely misses ye.
Ye riposte.
Ye barely miss tha orc knight.
Ye bite tha orc knight, but do nay damage.
Tha orc knight be lightly wounded.
Tha orc knight hits yer +4 hand axe wit' a war axe.
Tha +4 hand axe shatters in a meriad o' steel fragmn'ts!
Tha orc knight hits yer +4 scytha wit' a war axe.
Tha +4 scytha shatters in a meriad o' steel fragmn'ts!
Tha orc knight hits yer +4 mace wit' a war axe!
Tha +4 mace shatters in a meriad o' steel fragmn'ts!
Tha orc warrior closely misses ye.
Ye spin an' strike tha orc warrior!
A +4 flail o' crushin' manifests from thin air, drawin' energy from yer hands!
Ye barely miss tha orc warrior.
Yer bite misses tha orc warrior.
Tha orc warrior be heavily wounded.
Tha orc warrior misses ye.
Ye riposte.
Ye hit tha orc warrior but do nay damage.
Tha orc warrior be heavily wounded.
Ye spin an' strike tha orc warrior!
Ye hit tha orc warrior but do nay damage.
Ye bite tha orc warrior.
Ye drain its power.
Tha orc warrior be severely wounded.
Ye spin an' strike tha goblin!
Ye barely miss tha goblin.
Ye bite tha goblin, but do nay damage.
Tha goblin closely misses ye.
Tha goblin barely misses yer +4 flail o' crushin'.
Tha orc knight hits yer +4 flail o' crushin' wit' a war axe!
Tha +4 flail o' crushin' shatters in a meriad o' steel fragmn'ts!
Tha orc warrior barely misses ye.
Ye riposte.
A +4 scytha manifests from thin air, drawin' energy from yer hands!
Ye hit tha orc warrior but do nay damage.
Ye bite tha orc warrior, but do nay damage.
Tha orc warrior be severely wounded.
Ye spin an' strike tha goblin!
Ye barely miss tha goblin.
Ye bite tha goblin.
Ye drain its power.
Tha goblin be moderately wounded.
Tha goblin completely misses ye.
Tha goblin barely misses yer +4 scytha.
Tha orc knight hits yer +4 scytha wit' a war axe!
Tha +4 scytha shatters in a meriad o' steel fragmn'ts!
Ye spin an' strike tha goblin!
A +4 quarterstaff manifests from thin air, drawin' energy from yer hands!
Ye hit tha goblin.
Ye kill tha goblin!
Sifu Ma Yunglu accepts yer kill.
Tha orc warrior closely misses ye.
Ye hit tha orc warrior but do nay damage.
Yer bite misses tha orc warrior.
Tha orc warrior be severely wounded.
Tha orc warrior closely misses ye.
Ye closely miss tha orc warrior.
Yer bite misses tha orc warrior.
Tha orc warrior be severely wounded.
Tha orc warrior hits ye wit' a war axe!!
Tha orc knight misses ye.
Unknown command.
Ye spin an' strike tha orc knight!
Ye barely miss tha orc knight.
Ye bite tha orc knight, but do nay damage.
Tha orc knight be lightly wounded.
Tha orc knight hits ye wit' a war axe!
* * * LOW HITPOINT WARNIN'
* * * Tha orc knight hits yer +4 quarterstaff wit' a war axe.
Tha +4 quarterstaff shatters in a meriad o' steel fragmn'ts!
Ye spin an' strike tha orc knight!
A +4 dagger o' piercin' manifests from thin air, drawin' energy from yer hands!
Ye hit tha orc knight but do nay damage.
Ye bite tha orc knight.
Ye drain its power.
Ye feel invigorated.
Tha orc knight be lightly wounded.
Ye be startin' ta lose yer buoyancy.
Tha orc warrior misses yer +4 dagger o' piercin'.
Tha orc knight hits ye wit' a war axe.
* * * LOW HITPOINT WARNIN'
* * * Tha orc knight hits yer +4 dagger o' piercin' wit' a war axe!
Tha +4 dagger o' piercin' shatters in a meriad o' steel fragmn'ts!
Thar be an op'n gate 'ere.
Tha orc warrior nay longer looks unusu'lly strong.
Tha orc knight roars a battlecry!
Tha orc warrior goes inta a battle-frenzy!
Ye ar'n't carryin' any items tha ye can evoke.
Be ye sure ye want ta fly o'er deep water while ye be losin' yer buoyancy?
Okay, than.
Ye float gracefully downwards.
Tha +4 long sword shatters in yer hand!
Ye feel very mighty all o' a sudd'n.
Ye feel a little less agile now.
A +4 long sword manifests from thin air, drawin' energy from yer hands!
Ye hit tha orc warrior.
Yer bite misses tha orc warrior.
Tha orc warrior be almost dead.
Tha orc warrior hits ye wit' a war axe!!
Ye die...

≈ #...........#
≈≈######≈≈≈≈...≈≈≈≈##
≈≈≈≈≈≈≈≈≈≈≈≈...≈≈≈≈≈≈≈
≈≈≈≈≈≈≈≈≈≈≈≈...≈≈≈≈≈≈≈
≈≈≈≈≈≈≈≈≈≈≈≈...≈≈≈≈≈≈≈
≈≈≈≈≈≈≈≈≈≈≈≈...≈≈≈≈≈≈≈
≈≈≈≈≈≈≈≈≈.........≈≈≈≈
##########..oo...####
#...@...# #.......#
#..{∩...# #.......#
###...### #.∩.# #####


You could see an orc knight, an orc warrior and a friendly +4 long sword.

Vanquished Creatures
  Sigmund (D:6)
  Duvessa (D:6)
  An ogre (D:5)
  2 centaurs (D:6)
  Blork the orc (D:5)
  3 bullfrogs
  2 scorpions
  Dowan (D:6)
  3 electric eels (Bailey)
  A howler monkey (D:4)
  2 crimson imps
  3 hounds (D:6)
  3 orc priests
  An iguana (D:6)
  A bullfrog skeleton (D:5)
  An orc wizard (D:5)
  4 worker ants
  A hound zombie (D:6)
  4 mummies
  A howler monkey zombie (D:6)
  2 worker ant zombies
  Robin (D:4)
  4 gnolls (D:3)
  15 adders
  2 adder zombies (Ossuary)
  2 worms (D:3)
  A dart slug (D:4)
  6 leopard geckos
  14 orcs
  8 bats
  5 giant cockroaches
  A gnoll zombie (Ossuary)
  7 hobgoblins
  3 jackals (D:3)
  3 quokkas
  5 frilled lizards
  15 goblins
  3 goblin zombies
  4 hobgoblin zombies (Ossuary)
  9 kobolds
  4 kobold zombies
  A leopard gecko zombie (D:5)
  An orc zombie (Ossuary)
  4 quokka zombies (Ossuary)
  9 rats
  A rat zombie (Ossuary)
167 creatures vanquished.

Vanquished Creatures (others)
  14 flying weapons
  A goblin (D:3)
15 creatures vanquished.

Grand Total: 182 creatures vanquished

Notes
Turn   | Place    | Note
-------+----------+-------------------------------------------
     0 | D:1      | Gelly3 the Vine Stalker Monk began the quest for the Orb.
     0 | D:1      | Reached XP level 1. HP: 11/11 MP: 2/2
   393 | D:1      | Reached XP level 2. HP: 12/16 MP: 3/3
   902 | D:2      | Reached skill level 4 in Unarmed Combat
  1155 | D:2      | Found a shattered altar of Ashenzari.
  1157 | D:2      | Found a hazy altar of Hepliaklqana.
  1160 | D:2      | Found a sacrificial altar of Ru.
  1164 | D:2      | Found a glowing golden altar of the Shining One.
  1245 | D:2      | Reached XP level 3. HP: 16/19 MP: 4/4
  1789 | D:2      | Gained mutation: Your natural rate of healing is unusually fast. [Vine Stalker growth]
  1789 | D:2      | Reached XP level 4. HP: 23/23 MP: 5/5
  1840 | D:2      | Reached skill level 5 in Unarmed Combat
  2096 | D:3      | Found a shattered altar of Ashenzari.
  2380 | D:3      | Found a shadowy altar of Dithmenos.
  2702 | D:3      | Reached XP level 5. HP: 27/27 MP: 6/6
  3117 | D:3      | Reached skill level 6 in Unarmed Combat
  3467 | D:4      | Found a sand-covered staircase.
  3514 | Ossuary  | Entered an ossuary
  3524 | Ossuary  | Reached skill level 3 in Fighting
  3572 | Ossuary  | Reached XP level 6. HP: 32/32 MP: 7/7
  3974 | D:4      | Reached skill level 4 in Fighting
  4395 | D:4      | Noticed Robin
  4422 | D:4      | Killed Robin
  4716 | D:4      | Noticed a phantom
  4818 | D:5      | Entered Level 5 of the Dungeon
  4876 | D:5      | Reached skill level 5 in Fighting
  5076 | D:5      | Reached XP level 7. HP: 39/39 MP: 8/8
  5166 | D:5      | Found an iron altar of Okawaru.
  5166 | D:5      | Noticed Blork the orc
  5641 | D:5      | Reached skill level 6 in Fighting
  5900 | D:5      | Killed Blork the orc
  5900 | D:5      | Reached skill level 3 in Dodging
  6644 | D:6      | Found Faeluukh's Antique Weapon Boutique.
  6653 | D:6      | Gained mutation: You have razor-sharp teeth. [Vine Stalker growth]
  6653 | D:6      | Reached XP level 8. HP: 42/44 MP: 9/9
  6676 | D:6      | Reached skill level 4 in Dodging
  6713 | D:6      | Noticed Dowan
  6760 | D:6      | Reached skill level 1 in Armour
  6767 | D:6      | Killed Dowan
  6852 | D:6      | Reached skill level 2 in Armour
  6894 | D:6      | Found a staircase to the Ecumenical Temple.
  6903 | Temple   | Entered the Ecumenical Temple
  6993 | Temple   | Became a worshipper of The Ieoh Jian Council
  6993 | Temple   | Reached * piety under Ieoh Jian
  6993 | Temple   | Reached ** piety under Ieoh Jian
  7134 | D:6      | Reached skill level 3 in Armour
  7187 | D:6      | Noticed Duvessa
  7221 | D:6      | Killed Duvessa
  7579 | D:6      | Noticed Sigmund
  7589 | D:6      | Killed Sigmund
  7589 | D:6      | Reached skill level 4 in Armour
  7661 | D:6      | Reached XP level 9. HP: 47/48 MP: 10/10
  7849 | D:7      | Found a flagged portal.
  7861 | D:7      | Reached skill level 7 in Unarmed Combat
  7875 | Bailey   | Entered a bailey
  7913 | Bailey   | Noticed an orc knight
  7930 | Bailey   | HP: 9/48 [orc knight/war axe (4)]
  7942 | Bailey   | Slain by an orc warrior

Vault maps used:
D:1:      mrwooster_arrival_statue_3
D:2:      minmay_door_path, minitemple, first_bread
D:3:      marbit_many_paths, hex_tiny, nicolae_ashenzari_panopticon
D:4:      nicolae_ossuary_entry_giza, kennysheep_windowed_goal, uniq_robin
D:5:      serial_curves, eino_curves_01, eino_curves_01, basic_altar,
          uniq_blork_the_orc
D:6:      serial_shops, nicolae_shop_overgrown_old_shop, hangedman_decor_push,
          minmay_misc_feat_four_crosses, uniq_sigmund, uniq_duvessa
D:7:      enter_bailey_2
Temple:   minmay_crystal_spiral_temple
Ossuary:  ossuary_minmay_chase
Bailey:   bailey_axe_of_yendor_kennysheep, bailey

Skill      XL: |  1  2  3  4  5  6  7  8  9 |
---------------+----------------------------+-----
Unarmed Combat | 4 5 6 7 |  7.4
Fighting       | 3 5 6 |  6.3
Dodging        | 3 4 |  4.1
Armour         | 4 |  4.7
Stealth        | |  2.4

Action                   |  1- 3 |  4- 6 |  7- 9 || total
-------------------------+-------+-------+-------++-------
Melee: Unarmed           |    92 |   254 |   175 ||   521
       Bite              |    18 |    84 |    85 ||   187
       Punch             |     1 |     7 |     5 ||    13
       Flail             |       |       |    21 ||    21
       Falchion          |       |       |     6 ||     6
       Whip              |       |       |     4 ||     4
       War axe           |       |       |     3 ||     3
       Quarterstaff      |       |       |     1 ||     1
       Long sword        |       |       |    16 ||    16
Throw: Stone             |       |       |    55 ||    55
  Use: Potion            |       |     5 |     8 ||    13
       Scroll            |       |     5 |       ||     5
 Stab: Sleeping          |     7 |     9 |     7 ||    23
       Distracted        |       |     1 |       ||     1
       Invisible         |       |       |     1 ||     1
  Eat: Chunk             |     2 |    11 |     9 ||    22
Armor: Robe              |     7 |    28 |    31 ||    66
       Ring mail         |     8 |    35 |       ||    43
       Skin              |       |     4 |       ||     4
Dodge: Dodged            |    46 |   101 |   134 ||   281
       Rpst.: Falchion   |       |       |     1 ||     1
       Long sword        |       |       |     7 ||     7

Vault maps used:
D:1:      mrwooster_arrival_statue_3
D:2:      minmay_door_path, minitemple, first_bread
D:3:      marbit_many_paths, hex_tiny, nicolae_ashenzari_panopticon
D:4:      nicolae_ossuary_entry_giza, kennysheep_windowed_goal, uniq_robin
D:5:      serial_curves, eino_curves_01, eino_curves_01, basic_altar,
          uniq_blork_the_orc
D:6:      serial_shops, nicolae_shop_overgrown_old_shop, hangedman_decor_push,
          minmay_misc_feat_four_crosses, uniq_sigmund, uniq_duvessa
D:7:      enter_bailey_2
Temple:   minmay_crystal_spiral_temple
Ossuary:  ossuary_minmay_chase
Bailey:   bailey_axe_of_yendor_kennysheep, bailey

Table legend:
 A = Turns spent in this place as a percentage of turns spent in the entire game.
 B = Non-inter-level travel turns spent in this place as a percentage of non-inter-level travel turns spent in the entire game.
 C = Inter-level travel turns spent in this place as a percentage of turns spent in this place.
 D = Turns resting spent in this place as a percentage of non-inter-level travel turns spent in this place.
 E = Turns spent auto-exploring this place as a percentage of non-inter-level travel turns spent in this place.
 F = Non-inter-level travel turns spent in this place divided by the number of levels of this place that you've seen.
                   A       B       C       D       E      F
               +-------+-------+-------+-------+-------+----------------------
         Total | 100.0 | 100.0 |   0.9 |   1.9 |   6.9 | 279.9
       Dungeon |  88.9 |  88.9 |   0.9 |   1.9 |   7.1 | 355.4
        Temple |   1.3 |   1.2 |   5.6 |   0.0 |  50.0 |  34.0
       Ossuary |   7.3 |   7.3 |   0.0 |   2.9 |   0.0 | 205.0
        Bailey |   2.6 |   2.6 |   0.0 |   0.0 |   0.0 |  72.0
               +-------+-------+-------+-------+-------+----------------------

Table legend:
 A = Kills in this place as a percentage of kills in entire the game.
 B = Kills by you in this place as a percentage of kills by you in the entire game.
 C = Kills by friends in this place as a percentage of kills by friends in the entire game.
 D = Other kills in this place as a percentage of other kills in the entire game.
 E = Experience gained in this place as a percentage of experience gained in the entire game.
 F = Experience gained in this place divided by the number of levels of this place that you have seen.
                   A       B       C       D       E      F
               +-------+-------+-------+-------+-------+----------------------
         Total | 100.0 | 100.0 |  -nan |  -nan | 100.0 | 273.1
       Dungeon |  83.8 |  83.8 |  -nan |  -nan |  90.9 | 354.6
       Ossuary |  12.6 |  12.6 |  -nan |  -nan |   3.0 |  82.0
        Bailey |   3.6 |   3.6 |  -nan |  -nan |   6.1 | 167.0
               +-------+-------+-------+-------+-------+----------------------
